[Event "World Women Teams Championship"]
[Site "Sitges, Spain"]
[Date "2021.09.27"]
[Round "1.1"]
[White "Kosteniuk Alexandra (CFR)"]
[Black "Matnadze Ana (SPA)"]
[Result "1-0"]
[TimeControl "40+10"]
[WhiteElo "2517"]
[BlackElo "2349"]

1. e4 d5 2. exd5 Qxd5 3. Nc3 Qd8 4. d4 c6 5. Bc4 g6 6. Nf3 Bg7 7. Ne5 e6 8. Ne4 Nf6 9. Bg5 h6 10.
Bxf6 Bxf6 11. Qf3 Bxe5 12. dxe5 Qa5+ 13. Kf1 Qxe5 14. Re1 Qd4 15. Qf4 Qxc4+ 16. Re2 Qxa2 17. Qe5 Nd7 18. Qxh8+ Ke7 19. Qc3 b6 20. Re1 c5 21.
h4 Bb7 22. Rh3 Rd8 23. Rf3 e5 24. Rfe3 Qd5 25. f3 f5 26. Nf2 Kf7 27. Nd3 e4 28. fxe4 Qd4 29. exf5 Kf6 30. Qxd4+ cxd4 31. Re6+ Kxf5 32. Rd6 Bc8 33.
Rxd4 g5 34. h5 Rf8 35. Kg1 Nf6 36. Re5# 1-0

[Event "World Women Teams Championship"]
[Site "Sitges, Spain"]
[Date "2021.09.27"]
[Round "1.2"]
[White "Vega Gutierrez Sabrina (SPA)"]
[Black "Lagno Kateryna (CFR)"]
[Result "0-1"]
[TimeControl "40+10"]
[WhiteElo "2214"]
[BlackElo "2521"]

1. d4 Nf6 2. c4 g6 3. Nc3 d5 4. Nf3 Bg7 5. Bg5 Ne4 6. Bf4 Nxc3 7. bxc3 c5 8. e3 O-O 9. cxd5 cxd4 10.
cxd4 Qxd5 11. Be2 b6 12. O-O Bb7 13. h4 Nd7 14. h5 gxh5 15. Qa4 Nf6 16. Rac1 Qa5 17. Qxa5 bxa5 18. Rc7 Bd5 19.
Bc4 Rfc8 20. Ba6 Rxc7 21. Bxc7 Ne8 22. Bxa5 Bxa2 23. Rc1 Rb8 24. Rc5 e6 25. Ne5 Bf8 26. Rc1 Nf6 27. Ra1 Bd5 28.
f3 Bh6 29. Ra3 Rb1+ 30. Kf2 Rb2+ 31. Be2 Rb3 32. Rxb3 Bxb3 33. Nc6 Nd5 34. Bd2 Nb6 35. Nxa7 Bc4 36. Bxc4 Nxc4 37. Bc1 Kg7 38.
Nb5 Kg6 39. Ke2 Nb6 40. Nc3 Nc8 41. Kd3 Nd6 42. Ne2 Nf5 43. Bd2 Nh4 44. e4 Nxg2 45. Bxh6 Kxh6 46. d5 exd5 47. exd5 Kg6 48. Ke4 Kf6 49. f4 h4 50. Kf3 h3 51. Nc3 Kf5 52. Ne2 Kf6 53. Kg3 Ne3 54. Nc3 Ke7 55. Kxh3 Kd6 56. Kh4 Nxd5 57. Ne4+ Ke7 58. f5 Nf6 59. Ng5 h6 60. Nf3 Kd6 61. Kg3 Kd5 62. Kf4 Ne8 63. Nh2 f6 64. Ng4 h5 65.
Ne3+ Kd4 66. Nf1 Ng7 67. Nh2 Kd3 68. Nf3 Ke2 69. Nd4+ Kf2 70. Ne6 Ne8 71. Nf8 Kg2 72. Ng6 Kh3 73.
Kf3 Nd6 74. Kf4 h4 75. Ne7 Kg2 76. Nd5 h3 77. Ne3+ Kg1 78. Ng4 h2 0-1

[Event "World Women Teams Championship"]
[Site "Sitges, Spain"]
[Date "2021.09.27"]
[Round "1.3"]
[White "Shuvalova Polina (CFR)"]
[Black "Garcia Martin Marta (SPA)"]
[Result "1-0"]
[TimeControl "40+10"]
[WhiteElo "2383"]
[BlackElo "2097"]

1. e4 e5 2. Nf3 Nc6 3. Bb5 a6 4. Ba4 Nf6 5. O-O Be7 6. Re1 b5 7. Bb3 d6 8. c3 O-O 9. h3 h6 10.
d4 Re8 11. Nbd2 Bf8 12. Bc2 Bb7 13. a3 Nb8 14. b3 Nbd7 15. Bb2 c6 16. Nf1 Qc7 17. Ng3 Rad8 18. dxe5 dxe5 19. Qe2 Nc5 20. c4 a5 21. Rad1 Rxd1 22. Rxd1 b4 23. axb4 axb4 24. Qd2 g6 25. Kh2 Bc8 26. Nxe5 Rxe5 27. Qd8 Qxd8 28. Rxd8 Re6 29. Rxc8 Ncxe4 30. Bxe4 Nxe4 31. Nxe4 Rxe4 32. f3 Re6 33. Bd4 1-0

[Event "World Women Teams Championship"]
[Site "Sitges, Spain"]
[Date "2021.09.27"]
[Round "1.4"]
[White "Calzetta Ruiz Monica (SPA)"]
[Black "Kashlinskaya Alina (CFR)"]
[Result "0-1"]
[TimeControl "40+10"]
[WhiteElo "2103"]
[BlackElo "2367"]

1. e4 e5 2. Nf3 Nf6 3. Nxe5 d6 4. Nf3 Nxe4 5. d4 d5 6. Bd3 Bd6 7. O-O O-O 8. c4 c6 9. Qc2 Na6 10. a3 Bg4 11. Ne5 Bf5 12.
b4 f6 13. Nf3 Bg6 14. c5 Bb8 15. Nh4 f5 16. Nxg6 hxg6 17. Nc3 Nc7 18. Ne2 Ne6 19. f3 N4g5 20. Ra2 Qf6 21. Be3 Bc7 22. b5 Rae8 23.
bxc6 bxc6 24. Qd2 Nf7 25. Rb2 Nxc5 26. dxc5 Rxe3 27. Qxe3 Qxb2 28. Nd4 f4 29. Qf2 Qxf2+ 30. Kxf2 Ne5 31. Ba6 Rb8 32. Ne6 Rb2+ 33. Kg1 Ba5 34. Nxf4 Bd2 35. Nd3 Nxd3 36. Bxd3 Be3+ 37. Kh1 Kf7 38. g3 Rb3 39. Ba6 Bxc5 40. a4 Be3 41. Re1 Kf6 42. Rd1 Rb2 43. Bc8 d4 44. Bd7 c5 45. Bb5 Rxb5 46. axb5 c4 47. Ra1 c3 48. Rxa7 c2 49. Rc7 d3 50.
Kg2 d2 0-1

[Event "World Women Teams Championship"]
[Site "Sitges, Spain"]
[Date "2021.09.27"]
[Round "1.5"]
[White "Sebag Marie (FRA)"]
[Black "Danielian Elina (ARM)"]
[Result "1-0"]
[TimeControl "40+10"]
[WhiteElo "2401"]
[BlackElo "2358"]

1. e4 c6 2. d4 d5 3. e5 Bf5 4. Nf3 e6 5. Be2 Nd7 6. O-O h6 7. Nbd2 Ne7 8. Re1 Bh7 9. Nf1 Nf5 10.
Bd3 c5 11. c3 c4 12. Bc2 b5 13.
Bd2 a5 14. Qb1 Bg6 15. g3 Rb8 16. Ne3 Ne7 17. Nh4 Bxc2 18. Qxc2 Nb6 19. f4 g6 20. g4 h5 21. f5 gxf5 22. gxf5 Bh6 23. Kh1 Kd7 24. Rg1 Kc7 25. Raf1 Nc6 26. fxe6 Qxh4 27. Rxf7+ Kc8 28. Nf5 Qe4+ 29. Qxe4 1-0

[Event "World Women Teams Championship"]
[Site "Sitges, Spain"]
[Date "2021.09.27"]
[Round "1.7"]
[White "Benmesbah Natacha (FRA)"]
[Black "Sargsyan Anna M. (ARM)"]
[Result "0-1"]
[TimeControl "40+10"]
[WhiteElo "2193"]
[BlackElo "2283"]

1. e4 e5 2. Nf3 Nc6 3. Bc4 Bc5 4. c3 Nf6 5. d3 d6 6. O-O a6 7. a4 h6 8. Nbd2 O-O 9. h3 Be6 10.
Re1 Re8 11. b4 Ba7 12. Bxe6 Rxe6 13. Qc2 d5 14. Nf1 Qd7 15. Rb1 Rd8 16. b5 axb5 17. axb5 Ne7 18. exd5 Qxd5 19. Ne3 Qd7 20.
Ba3 Ng6 21. g3 Bxe3 22. Rxe3 Nd5 23. Ree1 Rf6 24. Nxe5 Qxh3 25. Nxg6 Rxg6 26. Re4 Nf6 27. Rf4 Ng4 28. Re1 Nxf2 29.
Rxf2 Qxg3+ 30. Kf1 Qg1+ 31. Ke2 Re8+ 0-1

[Event "World Women Teams Championship"]
[Site "Sitges, Spain"]
[Date "2021.09.27"]
[Round "1.8"]
[White "Gaboyan Susanna (ARM)"]
[Black "Alexieva Silvia (FRA)"]
[Result "1/2-1/2"]
[TimeControl "40+10"]
[WhiteElo "2083"]
[BlackElo "2277"]

1. Nf3 d5 2. g3 c6 3. Bg2 Nd7 4. O-O e5 5. d3 Ngf6 6. Nbd2 Bc5 7. e4 dxe4 8. dxe4 O-O 9. Qe2 Qc7 10.
c3 a5 11. a4 b6 12. Nc4 Ba6 13. Bg5 Rfe8 14. Nfd2 h6 15. Be3 Rad8 16. Rfb1 Bxe3 17. Qxe3 Nc5 18. Bf1 Nfd7 19. b4 axb4 20.
Rxb4 b5 21. Nb2 Rb8 22. Nd3 Nxa4 23. c4 Ra8 24. cxb5 Bxb5 25. Rc1 Qd6 26. Nc4 Qe7 27. Rbb1 f6 28. Nb4 Nac5 29. Nb6 Nxb6 30. Bxb5 cxb5 31. Qxc5 Qxc5 32. Rxc5 Na4 33. Rc7 Rec8 34. Nd5 Rxc7 35.
Nxc7 Rc8 1/2-1/2

[Event "World Women Teams Championship"]
[Site "Sitges, Spain"]
[Date "2021.09.27"]
[Round "1.9"]
[White "Mammadzada Gunay (AZE)"]
[Black "Harika Dronavalli (IND)"]
[Result "0-1"]
[TimeControl "40+10"]
[WhiteElo "2280"]
[BlackElo "2450"]

1. e4 e5 2. Nf3 Nc6 3.
Bb5 a6 4. Ba4 Nf6 5. O-O Bc5 6.
c3 O-O 7. d4 Ba7 8. Re1 b5 9. Bc2 d6 10. h3 Bb7 11. a3 Re8 12. Be3 h6 13. Nbd2 Nb8 14. d5 c6 15. c4 Nbd7 16. b4 Bxe3 17. Rxe3 Rc8 18. Nb3 Nb6 19. Nfd2 Qc7 20. c5 cxd5 21. cxb6 Qxc2 22. Na5 Qxd1+ 23. Rxd1 Rb8 24. Nxb7 Rxb7 25. exd5 Rxb6 26. Nb3 Rc8 27.
Rd2 Rb7 28. Kf1 Rbc7 29. Na5 Rc2 30. Red3 Rc1+ 31. Ke2 Ne4 32. Rd1 R1c2+ 33. Ke3 Nxf2 34. Ra1 0-1

[Event "World Women Teams Championship"]
[Site "Sitges, Spain"]
[Date "2021.09.27"]
[Round "1.10"]
[White "Vaishali R (IND)"]
[Black "Mammadova Gulnar (AZE)"]
[Result "1-0"]
[TimeControl "40+10"]
[WhiteElo "2149"]
[BlackElo "2406"]

1. e4 e5 2. Nf3 Nf6 3. Nxe5 d6 4. Nf3 Nxe4 5. c4 Be7 6. d4 d5 7. Nc3 Nxc3 8. bxc3 O-O 9. Bd3 Nc6 10.
Qc2 h6 11. cxd5 Qxd5 12. Bh7+ Kh8 13. Be4 Qh5 14. Bf4 Bd6 15. Bxd6 cxd6 16. O-O d5 17. Bd3 Bg4 18. Nd2 Rac8 19.
Qb2 Na5 20. Rae1 f6 21. Qb1 Qf7 22.
Bg6 Qd7 23. Re3 f5 24. Rfe1 Nc6 25. f3 f4 26. R3e2 Bf5 27. Bxf5 Rxf5 28. Re6 Rcf8 29. Qb5 Qd8 30. Qxb7 Na5 31. Qxa7 Nc4 32. Nxc4 dxc4 33. Re7 Rg5 34. Rf7 Re8 35. Rxe8+ Qxe8 36. Qe7 Qa4 37. Rf8+ Kh7 38. Qe4+ Rg6 39. Qb1 Qa3 40.
Rxf4 h5 41. Qc2 Kh6 42. Qd2 Kh7 43.
Re4 Rb6 44. Re2 Rb1+ 45. Kf2 Rb5 46. h4 Qd6 47. g3 Qd7 48. Kg2 g6 49. Qe1 Rb7 50. Qc1 Qc6 51. Qf4 Qa4 52. d5 Qd1 53.
Qxc4 Kh6 54. Qf4+ Kh7 55. Qd2 Qa1 56. d6 Kg7 57. d7 Rb1 58. Qd4+ Kf7 59. Qf4+ Kg7 60. Re7+ 1-0

[Event "World Women Teams Championship"]
[Site "Sitges, Spain"]
[Date "2021.09.27"]
[Round "1.11"]
[White "Fataliyeva Ulviyya (AZE)"]
[Black "Tania Sachdev (IND)"]
[Result "1-0"]
[TimeControl "40+10"]
[WhiteElo "2310"]
[BlackElo "2339"]

1. d4 Nf6 2. c4 e6 3. Nf3 d5 4.
Nc3 Ne4 5. g3 c6 6. Bg2 Nxc3 7.
bxc3 dxc4 8. Ne5 Nd7 9.
Nxc4 Be7 10. O-O O-O 11. Qb3 b5 12. Nd2 Bb7 13. a4 a6 14. c4 Rb8 15. Ne4 Nf6 16. Rd1 Nxe4 17. Bxe4 bxc4 18. Qc2 h6 19. Bg2 a5 20. Bf4 Bd6 21. Bxd6 Qxd6 22.
Qxc4 Ba8 23. Qc5 Qxc5 24. dxc5 Rb2 25. e3 Rfb8 26. Be4 R2b4 27. Bd3 Kf8 28. Rd2 Rd8 29. Kf1 Rd5 30. Rc1 Bb7 31. Ke2 Ke7 32. Ra2 e5 33. f3 Bc8 34. Be4 Ba6+ 35. Kf2 Rd8 36. Bxc6 Bc4 37. Rac2 Bb3 38. Rb2 Rdb8 39. Bb5 Be6 40. Rd2 f5 41. c6 Bb3 42. c7 1-0

[Event "World Women Teams Championship"]
[Site "Sitges, Spain"]
[Date "2021.09.27"]
[Round "1.12"]
[White "Kulkarni Bhakti (IND)"]
[Black "Mamedjarova Turkan (AZE)"]
[Result "0-1"]
[TimeControl "40+10"]
[WhiteElo "2325"]
[BlackElo "2243"]

1. d4 Nf6 2. c4 e6 3. Nc3 Bb4 4. Nf3 b6 5. g3 Bb7 6. Bg2 O-O 7. O-O Bxc3 8. bxc3 d6 9. Re1 Nbd7 10. Ba3 Re8 11. Qc2 Be4 12. Qa4 Qc8 13. Bh3 Bf5 14. Bg2 Be4 15. Bf1 Qb7 16. Nd2 Bc6 17. Qb3 a5 18. Qc2 d5 19. f3 Nf8 20. e4 dxe4 21. fxe4 e5 22. d5 Bd7 23. c5 bxc5 24. Bxc5 Qc8 25. Nc4 Ng6 26. Rab1 h5 27. h4 Bh3 28. Ne3 Bxf1 29. Nxf1 Qg4 30. Qg2 Rab8 31.
Nd2 Qd7 32. Nc4 Rb5 33. Ba3 Reb8 34.
Nd2 Rxb1 35. Nxb1 Qa4 36. Bc5 Qc4 37. Bf2 Qxa2 38. Qf1 Nxe4 39. Ba7 Rb7 40. Rxe4 Rxb1 41. Re1 Rxe1 42. Qxe1 Qxd5 43. Qb1 Qf3 44. Qe1 e4 45. Bb8 a4 46. Bxc7 a3 47. Qa1 e3 48. Qxa3 Qf2+ 49. Kh1 e2 50. Qa8+ Kh7 0-1
[ePGN "0.1;DGT LiveChess/2.2.5"]

[Event "World Women Teams  Championship"]
[Site "Sitges, Spain"]
[Date "2021.09.27"]
[Round "1.1"]
[White "Muzychuk Anna (UKR)"]
[Black "Dzagnidze Nana (GEO)"]
[Result "1/2-1/2"]
[TimeControl "40+10"]
[WhiteElo "2537"]
[BlackElo "2455"]

1. e4 c5 2. Nf3 e6 3. d4 cxd4 4. Nxd4 a6 5. Bd3 Nf6 6. O-O e5 7. Bg5 d6 8. Nf5 Nbd7 9. Nc3 h6 10. Bh4 g6 11. Ne3 Be7 12. f3 O-O 13. Bf2 Nb6 14. a4 Be6 15. a5 Nbd7 16. Bc4 Rc8 17. Ncd5 Kg7 18. Qe2 Nb8 19. Nb6 Rc6 20. Rfd1 Nbd7 21. Nbd5 Re8 22. b4 Qc8 23. Bb3 Bxd5 24. Nxd5 Nxd5 25. Rxd5 Rc3 26. Rad1 Nf8 27. Ba4 Ne6 28. Bxe8 Nf4 29. Qd2 Rxc2 30. Bd7 Qc7 31. Bb6 Qc4 32. Qe1 Rxg2+ 33. Kh1 Re2 34. Qf1 Qa2 35. Bg1 Nxd5 36. exd5 Bg5 37. Bc8 Bf4 38. Qh3 Qb3 39. Rf1 Qxd5 40. Rf2 Re1 41. Rf1 Re2 42. Rf2 Re1 43. Rf1 1/2-1/2

[Event "World Women Teams  Championship"]
[Site "Sitges, Spain"]
[Date "2021.09.27"]
[Round "1.2"]
[White "Batsiashvili Nino (GEO)"]
[Black "Muzychuk Mariya (UKR)"]
[Result "1-0"]
[TimeControl "40+10"]
[WhiteElo "2371"]
[BlackElo "2496"]

1. c4 e5 2. Nc3 Nc6 3. Nf3 Nf6 4. e4 Bc5 5. Nxe5 Nxe5 6. d4 Bxd4 7. Qxd4 d6 8. Be2 h6 9. O-O O-O 10. f4 Nc6 11. Qd1 a6 12. Bf3 Bd7 13. b3 Re8 14. Re1 Rb8 15. Bb2 b5 16. Nd5 Nxd5 17. cxd5 Ne7 18. e5 dxe5 19. fxe5 Nf5 20. Qd2 Nh4 21. Bh5 Bf5 22.
Rf1 1-0

[Event "World Women Teams  Championship"]
[Site "Sitges, Spain"]
[Date "2021.09.27"]
[Round "1.4"]
[White "Javakhishvili Lela (GEO)"]
[Black "Osmak Iulija (UKR)"]
[Result "1-0"]
[TimeControl "40+10"]
[WhiteElo "2364"]
[BlackElo "2302"]

1. d4 Nf6 2. c4 e6 3. Nf3 b6 4. g3 Bb7 5. Bg2 Be7 6. O-O O-O 7. Nc3 Ne4 8. Bd2 Bf6 9. Rc1 d6 10.
d5 Nxc3 11. Bxc3 Bxc3 12. Rxc3 e5 13. b4 a5 14. a3 Nd7 15. Nd2 f5 16. Nb3 axb4 17. axb4 Ra3 18. Qd2 Qa8 19. c5 Ra2 20.
Qd1 Nf6 21. c6 Bc8 22. Nc1 Ra1 23. Qb3 Ne4 24. Rc2 Ra3 25. Qb2 Qa4 26. f4 exf4 27. Rxf4 Nf6 28. b5 Qa5 29. Nb3 Qe1+ 30.
Rf1 Qb4 31. Nd4 Qxb2 32. Rxb2 Ng4 33. Rbb1 Ra4 34. Rfd1 f4 35. Ra1 Rc4 36. Bf3 fxg3 37. hxg3 Ne3 38. Rd3 Nf5 39. Nxf5 Bxf5 40.
Re3 Bg4 41. Ra7 Bxf3 42. exf3 Rc2 43.
Rxc7 Ra8 44. Rce7 Kf8 45. Re2 Rc5 46. Rd7 Rxd5 47. c7 Ra1+ 48. Kf2 Rc5 49. Rd8+ 1-0

[Event "World Women Teams  Championship"]
[Site "Sitges, Spain"]
[Date "2021.09.27"]
[Round "1.5"]
[White "Cori T. Deysi (AME)"]
[Black "Zawadzka Jolanta (POL)"]
[Result "1-0"]
[TimeControl "40+10"]
[WhiteElo "2340"]
[BlackElo "2313"]

1. d4 d5 2. Nf3 Nc6 3. c4 e6 4. Nc3 Bb4 5. Qa4 Nf6 6. Ne5 Bd7 7. Nxc6 Bxc3+ 8. bxc3 Bxc6 9. Qa3 dxc4 10. f3 b5 11. e4 Qd6 12. Qa5 Nd7 13. a4 Nb6 14. axb5 Bb7 15. Ba3 Qd7 16. Bc5 f5 17. exf5 Kf7 18. Kf2 Rhe8 19. Qb4 Nd5 20. Qxc4 exf5 21. Bd3 Kf6 22.
Rhe1 Nf4 23. Bf1 Rxe1 24. Rxe1 a6 25. d5 Ng6 26. Bd4+ Kg5 27. Be3+ Kf6 28. Bd4+ Kg5 29. f4+ Kh6 30. Qd3 Nxf4 31. Be3 g5 32. Bxf4 gxf4 33. Re6+ Kg7 34. Qxf5 Qf7 35. Qe5+ Kg8 36. bxa6 Qf8 37. axb7 Qc5+ 38. Qd4 1-0

[Event "World Women Teams  Championship"]
[Site "Sitges, Spain"]
[Date "2021.09.27"]
[Round "1.6"]
[White "Socko Monika (POL)"]
[Black "Lujan Carolina (AME)"]
[Result "1/2-1/2"]
[TimeControl "40+10"]
[WhiteElo "2293"]
[BlackElo "2375"]

1. d4 Nf6 2. c4 g6 3. Nc3 d5 4. cxd5 Nxd5 5. Bd2 Nb6 6. e3 Bg7 7. h4 h5 8. Nf3 Nc6 9. Ng5 e5 10. d5 Ne7 11. e4 c6
12. Be3 cxd5 13. exd5 O-O 14. Qb3 Nf5 15. Bxb6 axb6 16. Bd3 Nxh4 17. Rxh4 Qxg5 18. g3 Bf5 19. Be2 Rac8 20. Rd1 Rfd8 21. Qxb6 e4 22. Nxe4 Bxe4 23. Rxe4 Rxd5 24. Qxb7 Rxd1+ 25. Bxd1 Rd8 26. Rf4 Qa5+ 27.
Qb4 Qxa2 28. Qb3 Qxb3 29. Bxb3 Rd7 30. Rb4 Bxb2 31. Bxf7+ 1/2-1/2

[Event "World Women Teams  Championship"]
[Site "Sitges, Spain"]
[Date "2021.09.27"]
[Round "1.7"]
[White "Perez Rodriguez Jennifer (AME)"]
[Black "Kulon Klaudia (POL)"]
[Result "0-1"]
[TimeControl "40+10"]
[WhiteElo "2150"]
[BlackElo "2234"]

1. e4 e5 2. Nf3 Nc6 3. Bc4 Nf6 4. d4 exd4 5. O-O Bc5 6. e5 d5 7. exf6 dxc4 8. fxg7 Rg8 9. Bg5 Be7 10.
Bxe7 Kxe7 11. Re1+ Kf6 12. Nbd2 Be6 13. b3 c3 14. Ne4+ Kxg7 15. Nfg5 Bf5 16. Qf3 Bg6 17. Rad1 Nb4 18.
Qf4 Re8 19. Ng3 Rxe1+ 20. Rxe1 Qf6 21. Qg4 Nxc2 22. Rc1 d3 23. N5e4 Qe5 24. f4 Qd4+ 25. Kh1 d2 26. Rf1 Ne3 27. Qg5 d1=Q 0-1

[Event "World Women Teams  Championship"]
[Site "Sitges, Spain"]
[Date "2021.09.27"]
[Round "1.8"]
[White "Antolak Julia (POL)"]
[Black "Arribas Robaina Maritza (AME)"]
[Result "0-1"]
[TimeControl "40+10"]
[WhiteElo "2052"]
[BlackElo "2261"]

1. e4 e6 2. d4 d5 3. Nd2 Nc6 4. Ngf3 Nf6 5. e5 Nd7 6. Bd3 Nb4 7. Be2 c5 8. c3 Nc6 9. O-O Qb6 10.
Nb3 Be7 11. dxc5 Qc7 12. Bf4 Nxc5 13. Nbd4 a6 14. Re1 h6 15. Bg3 Bd7 16. Nd2 Rc8 17. Bf1 Qb6 18. b3 O-O 19. Rc1 a5 20.
Qg4 f5 21. exf6 Bxf6 22. Bd6 Rf7 23. Nxc6 Qxc6 24. Be5 Bxe5 25. Rxe5 Rcf8 26. b4 Rf4 27. Qd1 Na4 28. b5 Qc7 29. Re1 Rxf2 30. Nb3 Qb6 31. Nd4 Nxc3 32. Rxc3 e5 33. a4 exd4 34. Rg3 d3 35. Kh1 d2 36.
Qa1 Qf6 0-1

[Event "World Women Teams  Championship"]
[Site "Sitges, Spain"]
[Date "2021.09.27"]
[Round "1.9"]
[White "Abdumalik Zhansaya (KAZ)"]
[Black "Paehtz Elisabeth (GER)"]
[Result "1-0"]
[TimeControl "40+10"]
[WhiteElo "2444"]
[BlackElo "2371"]

1. e4 c5 2. Nf3 d6 3. d4 cxd4 4. Nxd4 Nf6 5.
Nc3 a6 6. h3 e5 7. Nde2 h5 8. g3 Be7 9. Bg2 b5 10. a4 b4 11. Nd5 Nxd5 12. Qxd5
Ra7 13. Be3 Be6 14. Qd2 Rb7 15. O-O Qc8 16. Kh2 Nd7 17. b3 Nf6 18. f4 Rc7 19.
Rac1 Qb7 20. Qd3 O-O 21. a5 Bd7 22. Bb6 Rcc8 23. c3 Bb5 24. c4 Bc6 25. fxe5
dxe5 26. Rf5 Nd7 27. Be3 g6 28. Rf2 Nf6 29. Rxf6 Bxf6 30. Rf1 Be7 1-0

[Event "World Women Teams  Championship"]
[Site "Sitges, Spain"]
[Date "2021.09.27"]
[Round "1.10"]
[White "Heinemann Josefine (GER)"]
[Black "Saduakassova Dinara (KAZ)"]
[Result "1/2-1/2"]
[TimeControl "40+10"]
[WhiteElo "2177"]
[BlackElo "2429"]

1. Nf3 Nf6 2. g3 b6 3. Bg2 Bb7 4. O-O g6 5. d4 Bg7 6. c4 O-O 7. b3 e6 8. Nc3 d5 9. Ba3 Re8 10.
cxd5 exd5 11. Rc1 Na6 12. e3 Ne4 13. Nxe4 dxe4 14. Nd2 c5 15. dxc5 Nxc5 16. Bxc5 bxc5 17. Rxc5 Qd6 18. Rc2 Rad8 19.
Qc1 f5 20. Nc4 Qb4 21. Rd1 a5 22. Rcd2 Rxd2 23. Qxd2 Qxd2
24. Rxd2 a4 25. Bf1 axb3 26.
axb3 Bc6 27. Rd6 Bb5 28. Rb6 Bxc4 29. Bxc4+ Kh8 30. b4 Rc8 31. Bf1 Be5 32. Re6 Bc3 33. b5 Ba5 34. Ra6 Bd8 35.
Ra7 Rb8 36. Bc4 Bb6 37. Ra6 Kg7 38. Kf1 Kf6 39. Bd5 Ke5 40. Bc6 Kd6 41. Ke2 Kc7 42. g4 fxg4 43. Ra4 h5 44. Rxe4 Kd6 45. Be8 Bc7 46. Kf1 Kd5 47.
Bxg6 Rxb5 48. Kg2 Bd6 49. Re8 h4 50. h3 g3 51. Be4+ Kc5 52. Rc8+ Kb4 53. f4 Ra5 54. Rc2 Ra3 55.
Kf3 Bc5 56. Re2 g2 57. Kxg2 Rxe3 58.
Rxe3 Bxe3 59. Kf3 Bd2 60. Kg4 Kc5 61. f5 Kd6 62. Kxh4 Ke5 63. Kh5 Kf6 64. Kg4 Bh6 65.
Kf3 Ke5 66. Bc2 Bg5 67. Ke2 Kf6 68. Be4 Ke5 69. Bd3 Kf6 70. Kd1 Ke7 71. Kc2 Bh4 72. Kc3 Bf6+ 73. Kc4 Kd6 74. Bc2 Bg5 75. Kd4 Bh4 76. Ke4 Ke7 77.
Ke5 Bg3+ 78. Kd5 Bh4 79. Ke4 Kf6 80. Kf4 Bg5+ 81. Kg4 Bh6 82. h4 Bd2 83. Kf3 Be1 84. Kg4 Bd2 85. Bd3 Bh6 86. Kf3 Bd2 87. Ke4 Be1 88. h5 Bd2 89. Be2 Bh6 90. Bg4 Bg5 91. Kd5 Bh6 92. Kd6 Bf4+ 93. Kd7 Bh6 94. Ke8 Bg7 95. Bh3 Bh6 96. Bg4 Ke5 1/2-1/2

[Event "World Women Teams  Championship"]
[Site "Sitges, Spain"]
[Date "2021.09.27"]
[Round "1.12"]
[White "Klek Hanna Marie (GER)"]
[Black "Dauletova Gulmira (KAZ)"]
[Result "1-0"]
[TimeControl "40+10"]
[WhiteElo "2331"]
[BlackElo "2184"]

1. e4 e5 2. Nf3 Nc6 3. Bb5 a6 4. Ba4 Nf6 5. O-O Be7 6. Re1 b5 7. Bb3 d6 8. c3 O-O 9. h3 Na5 10. Bc2 c5 11. d4 Nd7 12.
a4 Bb7 13. d5 c4 14. Be3 Qc7 15. Na3 bxa4 16. Bxa4 Nc5 17. Bc2 Ncb3 18. Rb1 Bc8 19. Bxb3 Nxb3 20. Qe2 f5 21. Qxc4 Qxc4 22.
Nxc4 fxe4 23. Nfd2 Nxd2 24. Nxd2 Bf5 25. Ra1 Rfb8 26. Nc4 Rb5 27. Re2 a5 28. g4 Bg6 29. b4 a4 30. Nb6 Rb8 31.
Nxa4 Bf7 32. Rd2 Ra8 33. Rdd1 Rxd5 34. Nb6 Rxd1+ 35. Rxd1 Ra3 36. c4 Be6 37. Nd5 Bxd5 38. Rxd5 Rc3 39. c5 dxc5 40. bxc5 Kf7 41. Rxe5 Rc4 42.
g5 g6 43. Kg2 Bf8 44. Kg3 Bg7 45. Rd5 Ke6 46. Rd6+ Ke7 47. Ra6 Be5+ 48. Kg4 Bd4 49. Ra7+ Kf8 50. Rxh7 Bxe3 51. fxe3 Rxc5 52.
h4 Rb5 53. Kf4 Rb4 54. Ke5 Kg8 55. Re7 Rb6 56. Re6 Rb5+ 57. Kf6 Kh7 58. Re7+ Kg8 59. Rxe4 Rb6+ 60. Re6 Rb4 61. Kxg6 Kf8 62.
h5 Rb7 63. h6 Rb1 1-0

[ePGN "0.1;DGT LiveChess/2.2.5"]

[Event "World Women Teams Championship"]
[Site "Sitges, Spain"]
[Date "2021.09.27"]
[Round "2.1"]
[White "Goryachkina Aleksandra(CFR)"]
[Black "Sebag Marie (FRA)"]
[Result "1/2-1/2"]
[TimeControl "40+10"]
[WhiteElo "2520"]
[BlackElo "2401"]

1. d4 d5 2. c4 c6 3. Nf3 Nf6 4. Nc3 e6 5. e3 Nbd7 6. Qc2 Bd6 7. b3 O-O 8. Be2 b6 9. O-O Bb7 10.
Bb2 Qe7 11. Rfe1 Rad8 12. cxd5 cxd5 13. Nb5 Rc8 14. Qb1 Bb4 15. Rc1 Rxc1+ 16. Qxc1 Rc8 17. Qd1 a6 18. a3 Ba5 19. b4 Bxb4 20.
Na7 Ra8 21. axb4 Rxa7 1/2-1/2

[Event "World Women Teams Championship"]
[Site "Sitges, Spain"]
[Date "2021.09.27"]
[Round "2.3"]
[White "Shuvalova Polina (CFR)"]
[Black "Benmesbah Natacha (FRA)"]
[Result "1-0"]
[TimeControl "40+10"]
[WhiteElo "2383"]
[BlackElo "2193"]

1. e4 c5 2. Nf3 Nc6 3. Bb5 g6 4. Bxc6 dxc6 5. d3 Bg7 6. h3 Nf6 7. Bd2 O-O 8. Bc3 c4 9. e5 Nd5 10. dxc4 Nxc3 11. Nxc3 Qa5 12.
Qe2 Qb4 13. O-O-O Be6 14. Rd4 Rfd8 15. a3 Qa5 16. Rhd1 Rdb8 17. Kb1 a6 18. Ng5 c5 19. Rh4 b5 20. Nxe6 fxe6 21. Ne4 b4 22. Qg4 Qb6 23. Rd6 exd6 24.
Qxe6+ Kh8 25. Ng5 h6 26. Qxg6 Kg8 27. Qf7+ 1-0

[Event "World Women Teams Championship"]
[Site "Sitges, Spain"]
[Date "2021.09.27"]
[Round "2.4"]
[White "Alexieva Silvia (FRA)"]
[Black "Kashlinskaya Alina (CFR)"]
[Result "0-1"]
[TimeControl "40+10"]
[WhiteElo "2277"]
[BlackElo "2367"]

1. d4 Nf6 2. Nf3 g6 3. Bf4 Bg7 4. h4 d5 5. e3 Bg4 6. Be2 c5 7. Ne5 Bxe2 8. Qxe2 Qb6 9.
c3 Nc6 10. dxc5 Qxc5 11. Nd2 Nh5 12. Nd3 Qb6 13. Bh2 Nf6 14.
e4 dxe4 15. Nxe4 Nxe4 16. Qxe4 Rd8 17. O-O-O O-O 18. h5 Rd7 19.
hxg6 hxg6 20. Bf4 Rfd8 21. Bh6 Bf6 22. Kc2 Qa5 23. a3 Qb5 24. f4 Nd4+ 25. Kb1 Nf5 0-1

[Event "World Women Teams Championship"]
[Site "Sitges, Spain"]
[Date "2021.09.27"]
[Round "2.5"]
[White "Danielian, Elina"]
[Black "Mammadzada, Gunay"]
[Result "0-1"]
[TimeControl "40+10"]
[WhiteElo "2358"]
[BlackElo "2280"]

1. Nf3 d5 2. g3 c6 3. Bg2 Bg4 4. c4 Nf6 5. Ne5 Be6 6. cxd5 Bxd5 7. Nf3 c5 8. Nc3 Bc6 9. O-O e6 10.
Re1 Be7 11. e4 O-O 12. d4 cxd4 13. Nxd4 Bb4 14. Bf4 Re8 15. Nxc6 Nxc6 16. Qb3 e5 17. Bg5 Bxc3 18. bxc3 Na5 19.
Qb5 b6 20. Rad1 Qe7 21. Bh3 Red8 22. Rd5 Rxd5 23. exd5 Rd8 24.
f4 Qc7 25. Bxf6 gxf6 26. fxe5 Qxc3 27.
Qf1 Qd4+ 28. Kh1 fxe5 29. Qf5 Qxd5+ 30. Bg2 e4 31. Qg4+ Kh8 32. Bxe4 Qd6 33. Qh5 h6 34. Qxf7 Rd7 35. Qf5 Nc4 36. Qh5 Re7 37. Rd1 Qf6 38.
Qg4 Re8 39. Qg6 Qxg6 40. Bxg6 Re7 41. h4 Kg7 42. h5 Ne5 43. Bf5 Kf6 44. g4 Kg5 45. Rd6 Rc7 46. Kg2 Rc4 47. Kh3 Rc3+ 48.
Kg2 Ra3 49. Be6 Nxg4 50. Rd5+ Kh4 51.
Rd4 Rg3+ 52. Kf1 Kxh5 53. Rd7 Ra3 54. Rd5+ Kh4 55. Rd4 h5 56. Kg2 Rg3+ 57. Kf1 Re3 58. Bb3 Kg3 59. Rd1 h4 60. Bd5 Nh2+ 61. Kg1 Nf3+ 62. Bxf3 Rxf3 63. Rd2 h3 64. Rd1 b5 65. Rc1 b4 66. Rd1 a5 67. Rb1 Rd3 68. Re1 Rd2 69. Re3+ Kf4 70. Rxh3 Rxa2 71. Kf1 Rb2 72.
Ke1 a4 73. Kd1 a3 74. Kc1 Ke4 75. Rg3 Kd4 76. Rh3 Kc4 77. Rg3 Kb5 78. Rh3 Ka4 79. Rg3 Rb3 80. Rg8 Rc3+ 81. Kb1 Rc4 82. Rg7 b3 83. Ra7+ Kb4 84.
Rb7+ Kc3 85. Ka1 Kc2 86. Rb8 Rc3 87. Rb7 Kc1 88. Rb8 b2+ 89.
Ka2 Rc2 0-1

[Event "World Women Teams Championship"]
[Site "Sitges, Spain"]
[Date "2021.09.27"]
[Round "2.6"]
[White "Mammadova, Gulnar"]
[Black "Mkrtchian, Lilit"]
[Result "1-0"]
[TimeControl "40+10"]
[WhiteElo "2406"]
[BlackElo "2306"]

1. e4 e6 2. d4 d5 3. e5 c5 4. c3 Bd7 5. Nf3 Nc6 6. Bd3 cxd4 7. O-O dxc3 8. Nxc3 Nge7 9. Bg5 Qb8 10.
Re1 Ng6 11. Bxg6 fxg6 12. Nxd5 Bc8 13. Nf4 Qc7 14. Rc1 Qb6 15. Re3 Bc5 16. Rb3 Qa5 17. Qd3 Bb6 18. Nxg6 hxg6 19. Qxg6+ Kf8 20. Bd2 Qa4 21. Bb4+ Nxb4 22.
Ng5 Qe8 23. Rf3+ Ke7 24. Qxg7+ Kd8 25. Nf7+ 1-0